 Dungeon Crawl Stone Soup version 0.32-a0-886-g41c5271027 (webtiles) character file.

Game seed: 6315059281258585485

127 Bediveer the Shooter (level 5, 0/45 HPs)
             Began as a Naga Hunter on Apr 2, 2024.
             Slain by Duvessa
             ... wielding a +0 short sword
              (6 damage)
             ... on level 4 of the Dungeon.
             The game lasted 00:02:38 (2408 turns).

Bediveer the Shooter (Naga Hunter)                  Turns: 2408, Time: 00:02:38

Health: 0/45       AC:  8    Str: 13    XL:     5   Next: 11%
Magic:  5/5        EV:  7    Int: 10    God:
Gold:   192        SH:  0    Dex: 19    Spells: 4/4 levels left

rFire   . . .        a - +0 shortbow
rCold   . . .        (shield currently unavailable)
rNeg    . . .        s - +1 robe of Watchfulness {Dex+3 Slay+3}
rPois   +            (no helmet)
rElec   .            (no cloak)
rCorr   .            f - +0 pair of gloves
SInv    +            q - +0 barding
Will    .....        (no amulet)
Stlth   ++           (no ring)
HPRegen 0.27/turn    (no ring)
MPRegen 0.09/turn

%: no passive effects
@: very slow
A: AC +1, large, see invisible, deformed body, poison resistance, slowness 2,
spit poison 1, naga tail 1
a: Spit Poison


You were on level 4 of the Dungeon.
You visited 1 branch of the dungeon, and saw 4 of its levels.

You collected 192 gold pieces.

Inventory:

Hand Weapons
 a - a +0 shortbow (weapon)
Armour
 c - a +0 leather armour
 f - a +0 pair of gloves (worn)
 q - a +0 barding (worn)
 s - the +1 robe of Watchfulness (worn) {Dex+3 Slay+3}
   (You took it off a hobgoblin on level 4 of the Dungeon)

   Dex+3:     It affects your dexterity (+3).
   Slay+3:    It affects your accuracy & damage with ranged weapons and melee
   (+3).
Scrolls
 b - 2 scrolls of butterflies
 e - a scroll of silence
 h - a scroll of enchant weapon
 j - a scroll of vulnerability
 k - a scroll of amnesia
 m - 3 scrolls of identify
 n - a scroll of blinking
Potions
 d - a potion of haste {unknown}
 g - a potion of mutation {unknown}
 i - a potion of lignification {unknown}
 l - 2 potions of curing {unknown}
 o - a potion of invisibility {unknown}
 p - a potion of might {unknown}
 r - a potion of heal wounds {unknown}


   Skills:
 + Level 2.3 Fighting
 + Level 5.6 Ranged Weapons
 - Level 1.5 Dodging
 - Level 1.5 Stealth


You had 4 spell levels left.
You didn't know any spells.
Your spell library contained the following spells:

 Spells                   Type           Power      Damage    Failure   Level
 Hailstorm                Conj/Ice       0%         3d5       75%         3
 Summon Ice Beast         Ice/Summ       0%         N/A       75%         3
 Permafrost Eruption      Ice/Erth       0%         2x4d1     100%        6
 Sculpt Simulacrum        Ice/Alch       0%         N/A       100%        6


Dungeon Overview and Level Annotations

Branches:
Dungeon (4/15)
 Temple: D:4-7

Altars:
Nemelex Xobeh
Yredelemnul

Shops:
D:4 *?

Annotations:
D:4 Duvessa


Innate Abilities, Weirdness & Mutations

Your serpentine skin is tough. (AC +1)
You have supernaturally acute eyesight. (SInv)
Armour fits poorly on your strangely shaped body.
Your system is resistant to poisons. (rPois)
You cover ground very slowly.
You can spit poison.
You have a snake-like lower body.


Message History

You are too injured to fight recklessly!
You are too injured to fight recklessly!
You are too injured to fight recklessly!
You are too injured to fight recklessly!
You are too injured to fight recklessly!
You are too injured to fight recklessly!
You are too injured to fight recklessly!
You are too injured to fight recklessly!
You are too injured to fight recklessly!
You are too injured to fight recklessly!
You are too injured to fight recklessly!
You are too injured to fight recklessly!
You are too injured to fight recklessly!
You are too injured to fight recklessly!
You are too injured to fight recklessly!
You are too injured to fight recklessly!
You are too injured to fight recklessly!
You shoot an arrow. The arrow closely misses Duvessa.
Duvessa says, "Where magic fails, the sword succeeds!"
Duvessa hits you with a +0 short sword.
You shoot an arrow. The arrow barely misses Duvessa.
Duvessa barely misses you.
You shoot an arrow.
The arrow hits Duvessa but does no damage.
Duvessa is heavily wounded.
Duvessa hits you with a +0 short sword.
* * * LOW HITPOINT WARNING * * *
You shoot an arrow. The arrow hits Duvessa.
Duvessa is severely wounded.
Duvessa hits you with a +0 short sword.
* * * LOW HITPOINT WARNING * * *
You shoot an arrow. The arrow hits Duvessa.
Duvessa is severely wounded.
Duvessa hits you with a +0 short sword.
* * * LOW HITPOINT WARNING * * *
You shoot an arrow. The arrow hits Duvessa.
Duvessa is almost dead.
Duvessa hits you with a +0 short sword.
* * * LOW HITPOINT WARNING * * *
Duvessa hits you with a +0 short sword.
You die...

#######
......###########
......##........####
.....†##....[......+
......##.........#
.................#
...........#...#@#
####.......#...#e#
#.......#...#)#
#.......#...#$#
#...........#.....eo.
#......##.#.#####....
#.......>.... ..
##'########.## #.# .#


You could see Duvessa.

Vanquished Creatures
  Jessica (D:2)
  A gnoll (D:2)
  An adder (D:4)
  A shadow imp (D:4)
  3 dart slugs
  2 orcs (D:4)
  2 ball pythons
  5 endoplasms
  5 giant cockroaches
  5 goblins
  10 hobgoblins
  3 jackals (D:1)
  4 kobolds
  6 quokkas
  3 bats
  3 frilled lizards
  4 rats
59 creatures vanquished.

Notes
Turn   | Place    | Note
-------+----------+-------------------------------------------
     0 | D:1      | Bediveer the Naga Hunter began the quest for the Orb.
     0 | D:1      | Reached XP level 1. HP: 19/19 MP: 1/1
   164 | D:1      | Reached skill level 4 in Ranged Weapons
   164 | D:1      | Reached XP level 2. HP: 25/26 MP: 2/2
   601 | D:1      | Reached XP level 3. HP: 32/32 MP: 3/3
   983 | D:2      | Noticed Jessica
   993 | D:2      | Killed Jessica
   994 | D:2      | Reached skill level 5 in Ranged Weapons
   994 | D:2      | Reached XP level 4. HP: 25/39 MP: 4/4
  1343 | D:2      | You fall into a shaft and drop 1 floor!
  1845 | D:3      | Found a sparkling altar of Nemelex Xobeh.
  1874 | D:3      | Found a basalt altar of Yredelemnul.
  2204 | D:4      | Identified the +1 robe of Watchfulness {Dex+3 Slay+3}
  2218 | D:4      | Found Vixyna's Elemental Accessories.
  2287 | D:4      | Found Deddiaczi's Magic Scroll Emporium.
  2360 | D:4      | Reached XP level 5. HP: 45/45 MP: 5/5
  2388 | D:4      | Noticed Duvessa
  2408 | D:4      | Slain by Duvessa

Illustrated notes

Levels and vault maps discovered:
D:1:      dpeg_arrival_refuge, layout_loops_ring, nicolae_hexahallways,
          minmay_misc_feat_secret_circle
D:2:      layout_rooms, minmay_pentomino_x2, uniq_jessica
D:3:      layout_loops_ring, mainiacjoe_overflow_two_lobes,
          nicolae_underground_beach
D:4:      layout_basic, serial_shops, shop, nicolae_elemental_shop, uniq_duvessa

Skill      XL: |  1  2  3 |
---------------+----------+-----
Ranged Weapons | 4 5 |  5.6
Fighting       | |  2.3
Dodging        | |  1.5
Stealth        | |  1.5

Action                     |  1- 3 |  4- 6 || total
---------------------------+-------+-------++-------
   Fire: Shortbow          |    85 |   117 ||   202
Ability: Spit Poison       |     1 |       ||     1
    Use: Scroll            |     2 |     3 ||     5
 Armour: Leather armour    |    29 |    28 ||    57
         Robe              |       |    14 ||    14
  Dodge: Dodged            |    15 |    20 ||    35

Table legend: (Time is in decaauts)
 A = Elapsed time spent in this place.
 B = Non-inter-level travel time spent in this place.
 C = Inter-level travel time spent in this place.
 D = Time resting spent in this place.
 E = Time spent auto-exploring this place.
 F = Levels seen in this place.
 G = Mean time per level.
                   A        B        C        D        E       F      G
               +--------+--------+--------+--------+--------+-----+--------+
         Total |   3177 |   3091 |     86 |      0 |   2671 |   4 |  794.2 |
       Dungeon |   3177 |   3091 |     86 |      0 |   2671 |   4 |  794.2 |
               +--------+--------+--------+--------+--------+-----+--------+

Top non-repeatable levels by time:
     D:1: 1277 daAuts
     D:3: 1132 daAuts
     D:2: 468 daAuts
     D:4: 299 daAuts
